PL
LEXINGTON BC @ LOUISVILLE SLUGS
06/28/2017
 
TOP OF THE 1ST
Detroit Reapers batting - Pitching for Phoenix Hotspur : RHP Edgar Martínez
Pitching: RHP Edgar Martínez
Batting: RHB Jack Weber 0-0: Called Strike
0-1: Ball
1-1: Ball
2-1: Ball
3-1: Foul Ball, location: 2F
3-2: Base on Balls
Batting: RHB Bob Heller 0-0: Ground out 5-3 (Groundball, 56S)
Jack Weber to second
Batting: LHB Chris Gregory 0-0: Foul Ball, location: 2F
0-1: Called Strike
0-2: Foul Ball, location: 2F
0-2: Ground out 1-3 (Groundball, 15)
Batting: RHB Eduardo Alvarado 0-0: Ground out 5-3 (Groundball, 5)
Top of the 1st over - 0 run(s), 0 hit(s), 0 error(s), 1 left on base; Detroit 0 - Phoenix 0
BOTTOM OF THE 1ST
Phoenix Hotspur batting - Pitching for Detroit Reapers : RHP Masood Thind
Pitching: RHP Masood Thind
Batting: RHB Raúl González 0-0: Foul Ball, location: 2F
0-1: Foul Ball, location: 2F
0-2: Strikes out looking
Batting: LHB Norm Ortega 0-0: Foul Ball, location: 2F
0-1: Foul Ball, location: 2F
0-2: SINGLE (Line Drive, 6D)
Batting: LHB Min-heui Im 0-0: Ball
1-0: Fly out, F3 (Line Drive, 34)
Batting: SHB Arturo Hernández 0-0: Ball
1-0: Called Strike
1-1: Fly out, F9 (Flyball, 89D)
Bottom of the 1st over - 0 run(s), 1 hit(s), 0 error(s), 1 left on base; Detroit 0 - Phoenix 0
TOP OF THE 2ND
Detroit Reapers batting - Pitching for Phoenix Hotspur : RHP Edgar Martínez
Batting: LHB Keith Spear 0-0: Ball
1-0: Ball
2-0: SINGLE (Groundball, 34D)
Batting: SHB Yosuke Kiyomizu 0-0: Ball
1-0: Called Strike
1-1: Ball
2-1: Grounds into double play, 3-6-3 (Groundball, 3)
Batting: RHB Nick Simmons 0-0: Called Strike
0-1: Ball
1-1: Called Strike
1-2: Ball
2-2: Foul Ball, location: 2F
2-2: Strikes out swinging
Top of the 2nd over - 0 run(s), 1 hit(s), 0 error(s), 0 left on base; Detroit 0 - Phoenix 0
BOTTOM OF THE 2ND
Phoenix Hotspur batting - Pitching for Detroit Reapers : RHP Masood Thind
Batting: LHB Curt Webb 0-0: Called Strike
0-1: Foul Ball, location: 2F
0-2: Foul Ball, location: 2F
0-2: Foul Ball, location: 2F
0-2: Ball
1-2: Ball
2-2: Ball
3-2: Fly out, F7 (Flyball, 7LS)
Batting: LHB Juan Ángel 0-0: Ground out 6-3 (Groundball, 56)
Batting: RHB Ray Schroeder 0-0: Ball
1-0: SINGLE (Groundball, 5S)
Batting: RHB Edgar Martínez 0-0: Called Strike
0-1: Foul Ball, location: 2F
0-2: Ball
1-2: Fly out, F6 (Line Drive, 6D)
Bottom of the 2nd over - 0 run(s), 1 hit(s), 0 error(s), 1 left on base; Detroit 0 - Phoenix 0
TOP OF THE 3RD
Detroit Reapers batting - Pitching for Phoenix Hotspur : RHP Edgar Martínez
Batting: LHB John Hayes 0-0: Ball
1-0: Called Strike
1-1: Ball
2-1: Swinging Strike
2-2: DOUBLE (Groundball, 3L) - OUT at third base trying to stretch hit.
Batting: RHB Masood Thind 0-0: Ball
1-0: Swinging Strike
1-1: Swinging Strike
1-2: Ball
2-2: Strikes out looking
Batting: RHB Jack Weber 0-0: Called Strike
0-1: Fly out, F9 (Line Drive, 9LM)
Top of the 3rd over - 0 run(s), 1 hit(s), 0 error(s), 0 left on base; Detroit 0 - Phoenix 0
BOTTOM OF THE 3RD
Phoenix Hotspur batting - Pitching for Detroit Reapers : RHP Masood Thind
Batting: RHB António Ramos 0-0: Foul Ball, location: 2F
0-1: Ball
1-1: Bunt for hit - play at first, batter OUT! 1-4
Batting: RHB Raúl González 0-0: Ball
1-0: Ball
2-0: Called Strike
2-1: Swinging Strike
2-2: Foul Ball, location: 2F
2-2: Ground out 6-3 (Groundball, 6)
Batting: LHB Norm Ortega 0-0: Ball
1-0: Swinging Strike
1-1: Ground out 5-3 (Groundball, 56)
Bottom of the 3rd over - 0 run(s), 0 hit(s), 0 error(s), 0 left on base; Detroit 0 - Phoenix 0
TOP OF THE 4TH
Detroit Reapers batting - Pitching for Phoenix Hotspur : RHP Edgar Martínez
Batting: RHB Bob Heller 0-0: Ball
1-0: Foul Ball, location: 2F
1-1: Foul Ball, location: 2F
1-2: Ball
2-2: Strikes out swinging
Batting: LHB Chris Gregory 0-0: Called Strike
0-1: Foul Ball, location: 2F
0-2: Strikes out swinging
Batting: RHB Eduardo Alvarado 0-0: Ball
1-0: Ball
2-0: Ball
3-0: Base on Balls
Batting: LHB Keith Spear 0-0: Ball
1-0: Ground out 4-3 (Groundball, 34)
Top of the 4th over - 0 run(s), 0 hit(s), 0 error(s), 1 left on base; Detroit 0 - Phoenix 0
BOTTOM OF THE 4TH
Phoenix Hotspur batting - Pitching for Detroit Reapers : RHP Masood Thind
Batting: LHB Min-heui Im 0-0: Called Strike
0-1: Ball
1-1: Ball
2-1: Ball
3-1: Base on Balls
Batting: SHB Arturo Hernández 0-0: Ball
1-0: SINGLE (Groundball, 4D)
Min-heui Im to second
Runner from 2nd tries for 3rd, SAFE, throw made to third
Batting: LHB Curt Webb 0-0: Ball
1-0: Called Strike
1-1: Ball
2-1: Swinging Strike
2-2: Foul Ball, location: 2F
2-2: Foul Ball, location: 2F
2-2: Ball
3-2: Base on Balls
Arturo Hernández to second
Batting: LHB Juan Ángel 0-0: Called Strike
0-1: Ball
1-1: Ball
2-1: Swinging Strike
2-2: Ball
3-2: Base on Balls
Min-heui Im scores
Arturo Hernández to third
Curt Webb to second
Batting: RHB Ray Schroeder 0-0: SINGLE (Line Drive, 56D)
Arturo Hernández scores
Curt Webb to third
Juan Ángel to second
Batting: RHB Edgar Martínez 0-0: Called Strike
0-1: Called Strike
0-2: Ball
1-2: Strikes out swinging
Batting: RHB António Ramos 0-0: Ball
1-0: Ball
2-0: Called Strike
2-1: Foul Ball, location: 2F
2-2: DOUBLE (Groundball, 5L)
Curt Webb scores
Juan Ángel scores
Ray Schroeder to third
Batting: RHB Raúl González 0-0: Called Strike
0-1: Foul Ball, location: 2F
0-2: Ball
1-2: Ball
2-2: Foul Ball, location: 2F
2-2: DOUBLE (Flyball, 89D)
Ray Schroeder scores
António Ramos scores
Pitching: RHP Aaron Wise
Batting: LHB Norm Ortega 0-0: Ball
1-0: Ball
2-0: Ball
3-0: Base on Balls
Batting: LHB Min-heui Im 0-0: Called Strike
0-1: Called Strike
0-2: Fly out, F7 (Flyball, 78M)
Batting: SHB Arturo Hernández 0-0: Called Strike
0-1: Ball
1-1: Foul Ball, location: 2F
1-2: Ball
Wild Pitch!
Raúl González to third
Norm Ortega to second
2-2: Fly out, F8 (Flyball, 8LXD)
Bottom of the 4th over - 6 run(s), 4 hit(s), 0 error(s), 2 left on base; Detroit 0 - Phoenix 6
TOP OF THE 5TH
Detroit Reapers batting - Pitching for Phoenix Hotspur : RHP Edgar Martínez
Batting: SHB Yosuke Kiyomizu 0-0: Ball
1-0: Foul Ball, location: 2F
1-1: SINGLE (Groundball, 34D)
Batting: RHB Nick Simmons 0-0: Grounds into double play, U4-3 (Groundball, 4)
Batting: LHB John Hayes 0-0: Ground out 4-3 (Groundball, 34)
Top of the 5th over - 0 run(s), 1 hit(s), 0 error(s), 0 left on base; Detroit 0 - Phoenix 6
BOTTOM OF THE 5TH
Phoenix Hotspur batting - Pitching for Detroit Reapers : RHP Aaron Wise
Batting: LHB Curt Webb 0-0: Called Strike
0-1: Ball
1-1: Foul Ball, location: 2F
1-2: Strikes out looking
Batting: LHB Juan Ángel 0-0: Ball
1-0: Ball
2-0: Fly out, F8 (Flyball, 8LXD)
Batting: RHB Ray Schroeder 0-0: Ball
1-0: Ball
2-0: Ball
3-0: Base on Balls
Batting: RHB Edgar Martínez 0-0: Called Strike
0-1: Fielders Choice at 2nd, U6 (Groundball, 6M)
Bottom of the 5th over - 0 run(s), 0 hit(s), 0 error(s), 1 left on base; Detroit 0 - Phoenix 6
TOP OF THE 6TH
Detroit Reapers batting - Pitching for Phoenix Hotspur : RHP Edgar Martínez
Pinch Hitting: RHB Abílio Conceio 0-0: Ball
1-0: Ball
2-0: Ground out 6-3 (Groundball, 6M)
Batting: RHB Jack Weber 0-0: SINGLE (Groundball, 5D)
Batting: RHB Bob Heller 0-0: Called Strike
0-1: SINGLE (Groundball, 6MD)
Jack Weber to second
Runner from 2nd tries for 3rd, SAFE, no throw or cutoff
Batting: LHB Chris Gregory 0-0: Ball
1-0: Fly out, F5 (Popup, 56S)
Batting: RHB Eduardo Alvarado 0-0: Ball
1-0: Foul Ball, location: 2F
1-1: Ball
2-1: Fielders Choice at 2nd, U6 (Groundball, 6M)
Top of the 6th over - 0 run(s), 2 hit(s), 0 error(s), 2 left on base; Detroit 0 - Phoenix 6
BOTTOM OF THE 6TH
Phoenix Hotspur batting - Pitching for Detroit Reapers : RHP Aaron Wise
Pitching: RHP Luis Castillo
Batting: RHB António Ramos 0-0: Called Strike
0-1: Ball
1-1: Ball
2-1: Ball
3-1: Fly out, F8 (Flyball, 8RS)
Batting: RHB Raúl González 0-0: Called Strike
0-1: Foul Ball, location: 2F
0-2: Ball
1-2: Ball
2-2: Strikes out looking
Batting: LHB Norm Ortega 0-0: Fly out, F8 (Flyball, 8LXD)
Bottom of the 6th over - 0 run(s), 0 hit(s), 0 error(s), 0 left on base; Detroit 0 - Phoenix 6
TOP OF THE 7TH
Detroit Reapers batting - Pitching for Phoenix Hotspur : RHP Edgar Martínez
Batting: LHB Keith Spear 0-0: Ball
1-0: Ball
2-0: Called Strike
2-1: Swinging Strike
2-2: Ball
3-2: Strikes out swinging
Batting: SHB Yosuke Kiyomizu 0-0: Called Strike
0-1: Foul Ball, location: 2F
0-2: Foul Ball, location: 2F
0-2: Ball
1-2: Strikes out swinging
Batting: RHB Nick Simmons 0-0: Ground out 6-3 (Groundball, 6S)
Top of the 7th over - 0 run(s), 0 hit(s), 0 error(s), 0 left on base; Detroit 0 - Phoenix 6
BOTTOM OF THE 7TH
Phoenix Hotspur batting - Pitching for Detroit Reapers : RHP Luis Castillo
Batting: LHB Min-heui Im 0-0: Foul Ball, location: 2F
0-1: Fly out, F4 (Popup, 4)
Batting: SHB Arturo Hernández 0-0: Ball
1-0: Ball
2-0: Swinging Strike
2-1: Fly out, F8 (Flyball, 8RXD)
Batting: LHB Curt Webb 0-0: Called Strike
0-1: Ball
1-1: Ball
2-1: Swinging Strike
2-2: Strikes out swinging
Bottom of the 7th over - 0 run(s), 0 hit(s), 0 error(s), 0 left on base; Detroit 0 - Phoenix 6
TOP OF THE 8TH
Detroit Reapers batting - Pitching for Phoenix Hotspur : RHP Edgar Martínez
Batting: LHB John Hayes 0-0: Ball
1-0: Swinging Strike
1-1: Ball
2-1: Ground out 4-3 (Groundball, 4)
Pinch Hitting: LHB Armando Herrera 0-0: Ball
1-0: Ground out 1-3 (Groundball, 13)
Batting: RHB Jack Weber 0-0: DOUBLE (Groundball, 5L)
Batting: RHB Bob Heller 0-0: Ball
1-0: Called Strike
1-1: Foul Ball, location: 2F
1-2: Ground out 1-3 (Groundball, 13S)
Top of the 8th over - 0 run(s), 1 hit(s), 0 error(s), 1 left on base; Detroit 0 - Phoenix 6
BOTTOM OF THE 8TH
Phoenix Hotspur batting - Pitching for Detroit Reapers : RHP Luis Castillo
Pitching: RHP Theodore Schmidt
Batting: LHB Juan Ángel 0-0: Ball
1-0: SINGLE (Groundball, 34D)
Batting: RHB Ray Schroeder 0-0: Called Strike
0-1: Fly out, F7 (Popup, 78S)
Batting: RHB Edgar Martínez 0-0: Bunted foul
0-1: Sac Bunt - play at second, runner OUT! 5-6
Batting: RHB António Ramos 0-0: Called Strike
0-1: Swinging Strike
0-2: Foul Ball, location: 2F
0-2: Strikes out swinging
Bottom of the 8th over - 0 run(s), 1 hit(s), 0 error(s), 1 left on base; Detroit 0 - Phoenix 6
TOP OF THE 9TH
Detroit Reapers batting - Pitching for Phoenix Hotspur : RHP Edgar Martínez
Batting: LHB Chris Gregory 0-0: Ball
1-0: Reached on error, E4 (Groundball, 4MS)
Batting: RHB Eduardo Alvarado 0-0: Ball
1-0: Ball
2-0: Ball
3-0: Called Strike
3-1: Base on Balls
Batting: LHB Keith Spear 0-0: SINGLE (Line Drive, 8RS)
Chris Gregory to third
Eduardo Alvarado to second
Batting: SHB Yosuke Kiyomizu 0-0: Called Strike
0-1: Ball
1-1: Swinging Strike
1-2: Grounds into double play, U6-3 (Groundball, 6M)
Chris Gregory scores
Eduardo Alvarado to third
Batting: RHB Nick Simmons 0-0: Called Strike
0-1: Called Strike
0-2: Strikes out swinging
Top of the 9th over - 1 run(s), 1 hit(s), 1 error(s), 1 left on base; Detroit 1 - Phoenix 6
This league is powered by Out of the Park Baseball, the baseball management simulation game for PC, Mac and Linux
Saturday, February 27th, 2021 - OOTP Baseball 15.6 Build 34